 Dungeon Crawl Stone Soup version 0.29.0-5-ge4962eb29e (webtiles) character file.

Game seed: 11819752379810425208

43 RascalDebosk the Conjurer (level 3, -4/24 HPs)
             Began as a Human Conjurer on Aug 28, 2022.
             Slain by Terence
             ... wielding a +3 falchion of flaming
              (7 damage)
             ... on level 1 of the Dungeon.
             The game lasted 00:15:49 (1309 turns).

RascalDebosk the Conjurer (Human Conjurer)          Turns: 1309, Time: 00:15:49

Health: -4/24      AC:  3    Str:  7    XL:     3   Next: 82%
Magic:  1/6        EV: 12    Int: 20    God:
Gold:   36         SH:  0    Dex: 11    Spells: 2/6 levels left

rFire   . . .      SeeInvis .   d - +0 club
rCold   . . .      Faith    .   (no shield)
rNeg    . . .      Spirit   .   a - +0 robe
rPois   .          Reflect  .   (no helmet)
rElec   .          Harm     .   g - +0 cloak
rCorr   .          Rampage  .   (no gloves)
Will    .....                   (no boots)
Stlth   ++........              (no amulet)
HPRegen 0.08/turn               (no ring)
MPRegen 0.10/turn               (no ring)

@: no status effects
A: no striking features
a: no special abilities


You were on level 1 of the Dungeon.
You visited 1 branch of the dungeon, and saw 2 of its levels.

You collected 36 gold pieces.

Inventory:

Hand Weapons
 d - a +0 club (weapon)
Armour
 a - a +0 robe (worn)
 g - a +0 cloak (worn)
Magical Staves
 j - a staff of fire
 o - a staff of air
Scrolls
 h - a scroll of acquirement {unknown}
 i - a scroll of summoning {unknown}
 m - a scroll of fear {unknown}
Potions
 b - a potion of magic
 c - a potion of brilliance {unknown}
 e - a potion of berserk rage {unknown}
 f - a potion of mutation {unknown}
 k - 2 potions of flight {unknown}
 l - 2 potions of attraction {unknown}
 n - 2 potions of lignification {unknown}


   Skills:
 + Level 2.3 Dodging
 + Level 2.3 Stealth
 + Level 2.2 Spellcasting
 + Level 4.2 Conjurations
 + Level 1.0 Hexes
 + Level 1.0 Translocations
 + Level 0.3 Air Magic


You had 2 spell levels left.
You knew the following spells:

 Your Spells              Type           Power      Damage    Failure   Level
a - Magic Dart            Conj           76%        1d6       2%          1
b - Searing Ray           Conj           38%        2d5       4%          2
c - Shock                 Conj/Air       44%        1d5       6%          1

Your spell library contained the following spells:

 Spells                   Type           Power      Damage    Failure   Level
 Dazzling Flash           Conj/Hex       24%        N/A       16%         3
 Confusing Touch          Hex            6%         N/A       30%         3
 Swiftness                Air            3%         N/A       38%         3
 Fulminant Prism          Conj/Hex       6%         3d7       45%         4
 Iskenderun's Mystic Bla  Conj/Tloc      12%        2d5       45%         4
 Airstrike                Air            1%         2d(1-17)  80%         4
 Yara's Violent Unravell  Hex/Tmut       2%         3d3       98%         5
 Lee's Rapid Deconstruct  Erth           1%         3d5*      99%         5
 Enfeeble                 Hex            3%         N/A       100%        7


Dungeon Overview and Level Annotations

Branches:
Dungeon (2/15)

Altars:

Annotations:
D:1 Terence
D:2 Sigmund


Message History

Reactivating autopickup.
There is a stone staircase leading down here.
Casting: Shock (safe; 6% risk of failure)
Confirm with . or Enter, or press ? or * to list all spells.
Aiming: Searing Ray (safe; 4% risk of failure)
Press: ? - help, Shift-Dir - straight line, f - Terence
Aim: Terence, wielding a +3 falchion of flaming and wearing a +0 ring mail (lightly wounded, 81% to hit)
The searing ray hits Terence.
Terence is moderately wounded. (Press . to maintain the ray.) Terence hits you with a +3 falchion of flaming!
Terence burns you.
You barely miss Terence.
Terence is moderately wounded.
Terence barely misses you.
You hit Terence.
Terence is heavily wounded.
Terence closely misses you.
You closely miss Terence.
Terence is heavily wounded.
Terence barely misses you.
You barely miss Terence.
Terence is moderately wounded.
Terence hits you with a +3 falchion of flaming!
* * * LOW HITPOINT WARNING * * *
Terence burns you.
* * * LOW HITPOINT WARNING * * *
Terence closely misses you.
You hit Terence but do no damage. Your punch misses Terence.
Terence is moderately wounded.
Terence misses you.
You hit Terence but do no damage.
Terence is moderately wounded.
Terence barely misses you.
You hit Terence but do no damage.
Terence is moderately wounded.
Terence closely misses you. Terence says, "Did you write a will?
You should..."
Terence hits you with a +3 falchion of flaming!
You die...

######### #.......#
###.......##
####.........##
#..............
####.##...#.######
#@........#.#
#@#########.#
#.........#.# #
#.........#.# ##
#.........#.# ##.
#.........#.# ##..
#.#########.# #...
###.#### #.###.#.
#......######.....##


You could see Terence.

Vanquished Creatures
  An adder (D:2)
  A dart slug (D:1)
  6 ball pythons (D:1)
  3 bats (D:1)
  4 endoplasms (D:1)
  4 goblins (D:1)
  4 jackals (D:1)
  A kobold (D:1)
  4 frilled lizards (D:1)
  2 rats (D:1)
30 creatures vanquished.

Notes
Turn   | Place    | Note
-------+----------+-------------------------------------------
     0 | D:1      | RascalDebosk the Human Conjurer began the quest for the
                  | Orb.
     0 | D:1      | Reached XP level 1. HP: 13/13 MP: 3/3
   155 | D:1      | Reached XP level 2. HP: 13/19 MP: 5/5
   253 | D:1      | Found a faded altar of an unknown god.
   497 | D:1      | Learned a level 2 spell: Searing Ray
   631 | D:1      | Learned a level 1 spell: Shock
   712 | D:1      | Reached XP level 3. HP: 24/24 MP: 2/6
  1031 | D:1      | Reached skill level 1 in Translocations
  1291 | D:2      | Noticed Terence
  1293 | D:2      | Noticed Sigmund
  1295 | D:2      | Reached skill level 1 in Hexes
  1309 | D:1      | Slain by Terence

Illustrated notes

Levels and vault maps discovered:
D:1:      dpeg_arrival_arbitrary_b, layout_basic,
          shapermc_ecumenical_altar_mp_ritualfount, minmay_tetromino_o4
D:2:      layout_basic, kennysheep_generic_room_5, uniq_terence, uniq_jessica,
          uniq_sigmund

Skill      XL: |  1  2  3 |
---------------+----------+-----
Translocations | 1 |  1.0
Hexes          | 1 |  1.0
Dodging        | |  2.3
Stealth        | |  2.3
Spellcasting   | |  2.2
Conjurations   | |  4.2
Air Magic      | |  0.3

Action                   || total
-------------------------++-------
Melee: Club              ||    77
       Punch             ||     1
 Cast: Magic Dart        ||    22
       Shock             ||    10
       Searing Ray       ||     1
 Stab: Sleeping          ||     1
Armor: Robe              ||    32
Dodge: Dodged            ||    96
